 Dungeon Crawl Stone Soup version 0.27.1-15-g792fb953b9 (webtiles) character file.

Game seed: 10332184287479236527

7095 pkoi the Carver (level 10, -13/91 HPs)
             Began as a Minotaur Gladiator on Nov 19, 2021.
             Was a High Priest of Okawaru.
             Splashed by an acid dragon's acid (16 damage)
             ... on level 9 of the Dungeon.
             The game lasted 00:10:23 (10689 turns).

pkoi the Carver (Minotaur Gladiator)               Turns: 10689, Time: 00:10:24

Health: -13/91     AC: 11    Str: 23    XL:     10   Next: 84%
Magic:  23/23      EV:  9    Int:  5    God:    Okawaru [*****.]
Gold:   326        SH:  0    Dex: 16    Spells: 9/9 levels left

rFire    . . .     SeeInvis .   r - +5 rapier (elec)
rCold    . . .     Faith    .   (no shield)
rNeg     + . .     Spirit   .   b - +2 plate armour {Will+}
rPois    +         Reflect  .   c - +1 hat
rElec    .         Harm     .   I - +0 cloak {Will+}
rCorr    .         Rampage  .   H - +0 pair of gloves {Dex+3}
Will     +++..                  (no boots)
Stlth    ..........             w - amulet of magic regeneration
HPRegen  0.25/turn              i - ring of magical power
MPRegen  0.43/turn              y - ring "Piywiwn" {rPois rN+ Will+ Str+2}

@: corroded
A: horns 2, retaliatory headbutt
a: Renounce Religion, Heroism, Finesse


You were on level 9 of the Dungeon.
You worshipped Okawaru.
Okawaru was extremely pleased with you.
You visited 2 branches of the dungeon, and saw 10 of its levels.
You also visited: Sewer.

You collected 326 gold pieces.

Inventory:

Hand Weapons
 a - a +1 long sword
 k - the +5 dagger of the Mind {vorpal, rF+ Int+3}
   (You found it on level 4 of the Dungeon)

   It inflicts extra damage upon your enemies.
   Int:       It affects your intelligence (+3).
   rF:        It protects you from fire.
 m - a +2 dagger of speed
 r - a +5 rapier of electrocution (weapon)
 C - a +0 scimitar
Missiles
 d - 5 throwing nets (quivered)
 E - 7 boomerangs
 F - 7 boomerangs of dispersal
Armour
 b - a +2 plate armour of willpower (worn)
 c - a +1 hat (worn)
 j - a +0 chain mail
 z - a +0 cloak
 H - a +0 pair of gloves of dexterity (worn)
 I - a +0 cloak of willpower (worn)
Jewellery
 i - a ring of magical power (left hand)
 p - a +6 ring of intelligence
 w - an amulet of magic regeneration (around neck)
 y - the ring "Piywiwn" (right hand) {rPois rN+ Will+ Str+2}
   (You acquired it on level 6 of the Dungeon)

   [ring of positive energy]

   Str:       It affects your strength (+2).
   rPois:     It protects you from poison.
   rN:        It protects you from negative energy.
   Will:      It increases your willpower.
Wands
 n - a wand of paralysis (11)
 s - a wand of iceblast (16)
 v - a wand of digging (1)
Scrolls
 g - 7 scrolls of teleportation
 h - 2 scrolls of enchant armour
 l - 4 scrolls of enchant weapon
 q - a scroll of fear
 t - a scroll of amnesia
 D - 4 scrolls of identify
 J - a scroll of brand weapon {unknown}
Potions
 e - a potion of curing
 f - 2 potions of attraction
 o - a potion of haste {unknown}
 u - 2 potions of mutation
 x - 2 potions of might
 A - a potion of lignification {unknown}
 B - 3 potions of flight
 G - a potion of berserk rage {unknown}


   Skills:
 + Level 9.2 Fighting
 + Level 13.2 Long Blades
 - Level 2.0 Throwing
 + Level 7.5 Armour
 - Level 5.1 Dodging
 - Level 7.0 Invocations


You had 9 spell levels left.
You didn't know any spells.
Your spell library contained the following spells:

 Spells                   Type           Power      Damage    Failure   Level
 Poisonous Vapours        Pois/Air       0%         N/A       100%        2
 Sublimation of Blood     Necr           0%         N/A       100%        2
 Iskenderun's Mystic Bla  Conj/Tloc      0%         2d3       100%        4
 Petrify                  Tmut/Erth      0%         N/A       100%        4
 Fireball                 Conj/Fire      0%         3d3       100%        5
 Irradiate                Conj/Tmut      0%         3d14      100%        5
 Iskenderun's Battlesphe  Conj           0%         2d6       100%        5
 Silence                  Hex/Air        0%         N/A       100%        5
 Conjure Ball Lightning   Conj/Air       0%         3x3d6     100%        6
 Malign Gateway           Summ/Tloc      0%         N/A       100%        7
 Orb of Destruction       Conj           0%         N/A       100%        7
 Summon Horrible Things   Summ           0%         N/A       100%        8


Dungeon Overview and Level Annotations

Branches:
Dungeon (9/15)             Temple (1/1) D:4            Lair (0/6) D:9
  Sewer (visited)
    Orc: D:9-12

Altars:
Ashenzari
Cheibriados
Dithmenos
Fedhas
Gozag
Hepliaklqana
Kikubaaqudgha
Nemelex Xobeh
Okawaru
Ru
Sif Muna
Trog
Uskayaw
Vehumet
Wu Jian
Xom
Yredelemnul
Zin
The Shining One

Shops:
D:3 =   D:5 (   D:7 (


Innate Abilities, Weirdness & Mutations

You have a pair of horns on your head.
You reflexively headbutt those who attack you in melee.


Message History

Items here: ( )) ††.
You start resting.
An acid dragon comes into view.
An acid dragon is nearby!
An acid dragon is nearby!
The acid dragon roars!
You hear a bellow!
The acid dragon spits acid at you. The splash of acid hits you!
* * * LOW HITPOINT WARNING * * *
The acid corrodes you!
You are splashed with acid!
* * * LOW HITPOINT WARNING * * *
Items here: ( )) ††.
You hit the acid dragon.
The acid dragon is lightly wounded.
The acid dragon bites you.
* * * LOW HITPOINT WARNING * * *
The acid dragon claws you but does no damage.
Unknown command.
You hit the acid dragon but do no damage.
The acid dragon is lightly wounded.
The acid dragon bites you but does no damage.
The acid dragon barely misses you.
Unknown command.
You puncture the acid dragon!
The acid dragon is heavily wounded.
Unknown command.
You closely miss the acid dragon.
You headbutt the acid dragon, but do no damage.
The acid dragon is heavily wounded.
The acid dragon bites you.
* * * LOW HITPOINT WARNING * * *
The acid dragon barely misses you.
A yak comes into view.
You closely miss the acid dragon.
The acid dragon is heavily wounded.
The acid dragon spits acid at you. The splash of acid hits you!!
* * * LOW HITPOINT WARNING * * *
The acid corrodes you!
You are splashed with acid!
You die...

#...# ####.# #.
#'''## #.# #.
#....# #.# #.
#...Y#
#.#######.
####.#
#......... #.#
#.#######. #.#
#.# #.
######D######.#
#.
#..).@).......#
#.
#############.#
#. #.# #.
#.#######.
#.........
#.#######. #.#
#. #.# #. #.


You could see a yak and an acid dragon (catching breath).

Vanquished Creatures
  2 two-headed ogres (D:9)
  Maggie (D:6)
  2 hornets (D:9)
  Sigmund (D:5)
  A shadow (D:9)
  A wraith (D:9)
  A wyvern (D:7)
  8 yaks (D:9)
  Eustachio (D:6)
  An acid dragon (D:9)
  An ice beast (D:6)
  2 orc warriors
  2 ogres
  A sky beast (D:6)
  2 black bears
  A phantom (D:7)
  6 centaurs
  Blork the orc (D:6)
  4 bullfrogs (D:8)
  3 scorpions
  A water moccasin zombie (D:6)
  A killer bee (D:9)
  3 wights (D:7)
  2 bullfrog zombies (D:5)
  5 centaur zombies (D:9)
  4 jellies
  A centaur skeleton (D:3)
  5 hounds
  A gnoll shaman (D:8)
  3 orc priests
  Crazy Yiuf (D:6)
  4 iguanas
  4 orc wizards
  2 howler monkey zombies
  8 gnolls
  2 howler monkey skeletons
  10 adders
  2 white imps (D:6)
  An adder zombie (D:5)
  A dart slug (D:1)
  22 orcs
  4 endoplasms
  4 giant cockroaches
  4 goblins
  4 hobgoblins
  3 jackals (Sewer)
  12 kobolds
  7 ball pythons
  A bat (D:3)
  5 frilled lizards (Sewer)
  10 rats
179 creatures vanquished.

Vanquished Creatures (others)
  16 fungi (D:6)
  9 plants (Sewer)
25 creatures vanquished.

Grand Total: 204 creatures vanquished

Notes
Turn   | Place    | Note
-------+----------+-------------------------------------------
     0 | D:1      | pkoi the Minotaur Gladiator began the quest for the Orb.
     0 | D:1      | Reached XP level 1. HP: 18/18 MP: 0/0
    48 | D:1      | Reached skill level 4 in Long Blades
    74 | D:1      | Found a faded altar of an unknown god.
   495 | D:1      | Reached XP level 2. HP: 19/25 MP: 1/1
   843 | D:2      | Reached skill level 5 in Long Blades
   843 | D:2      | Reached XP level 3. HP: 25/30 MP: 2/2
  2148 | D:3      | Found an iron altar of Okawaru.
  2158 | D:3      | Became a worshipper of Warmaster Okawaru
  2172 | D:3      | Found Cassaan's Jewellery Shop.
  2252 | D:3      | Reached XP level 4. HP: 35/37 MP: 3/3
  2298 | D:3      | Reached skill level 6 in Long Blades
  2345 | D:3      | Found a glowing drain.
  2349 | Sewer    | Entered a sewer
  3813 | D:3      | Found a sacrificial altar of Ru.
  3817 | D:3      | Reached skill level 7 in Long Blades
  3817 | D:3      | Reached XP level 5. HP: 37/42 MP: 4/4
  3936 | D:4      | Found a staircase to the Ecumenical Temple.
  3946 | Temple   | Entered the Ecumenical Temple
  4103 | D:4      | Identified the +1 robe of the Prince of Darkness {rElec
                  | Str+6 Dex-5}
  4339 | D:4      | Identified the +5 dagger of the Mind {vorpal, rF+ Int+3}
  4399 | D:4      | Reached skill level 8 in Long Blades
  4468 | D:4      | Identified the +8 trident of Ykeaz {drain, rPois rCorr}
  4480 | D:4      | Reached * piety under Okawaru
  4533 | D:4      | Reached XP level 6. HP: 24/50 MP: 5/5
  4793 | D:4      | Got the Guide on Feathers and Displacement
  5078 | D:5      | Entered Level 5 of the Dungeon
  5105 | D:4      | Reached skill level 9 in Long Blades
  5256 | D:5      | Found a glowing golden altar of the Shining One.
  5295 | D:5      | Reached XP level 7. HP: 27/56 MP: 6/6
  5556 | D:5      | Reached skill level 10 in Long Blades
  5597 | D:5      | Found Siothyw's Weapon Emporium.
  5822 | D:5      | Found an opulent altar of Gozag.
  5940 | D:5      | Noticed Sigmund
  6082 | D:6      | Reached ** piety under Okawaru
  6083 | D:6      | Reached skill level 1 in Invocations
  6155 | D:6      | Noticed Blork the orc
  6162 | D:6      | Killed Blork the orc
  6298 | D:6      | Noticed Maggie
  6309 | D:6      | Identified a scroll of acquirement
  6309 | D:6      | Acquired the ring "Piywiwn" {rPois rN+ Will+ Str+2}
  6325 | D:6      | Killed Maggie
  6326 | D:6      | Reached XP level 8. HP: 36/66 MP: 8/8
  6328 | D:6      | HP: 2/66 [orc warrior (12)]
  6330 | D:6      | Reached *** piety under Okawaru
  6949 | D:5      | Killed Sigmund
  6950 | D:5      | Reached skill level 11 in Long Blades
  7021 | D:5      | Found a glowing silver altar of Zin.
  7092 | D:6      | Reached skill level 5 in Dodging
  7164 | D:6      | Reached skill level 5 in Fighting
  7474 | D:6      | Noticed Eustachio
  7518 | D:6      | Killed Eustachio
  7519 | D:6      | Reached skill level 1 in Armour
  7831 | D:6      | Found a runed translucent door.
  7832 | D:6      | Noticed Crazy Yiuf
  8013 | D:6      | Found a shimmering altar of Xom.
  8019 | D:6      | Reached XP level 9. HP: 74/74 MP: 11/11
  8236 | D:6      | Killed Crazy Yiuf
  8377 | D:7      | Found a radiant altar of Vehumet.
  8398 | D:7      | Found Gaklaos's Weapon Emporium.
  8477 | D:7      | Noticed a moth of wrath
  8481 | D:7      | Found a bloodstained altar of Trog.
  8617 | D:7      | Reached **** piety under Okawaru
  8722 | D:7      | Received a gift from Okawaru
  9131 | D:8      | Reached skill level 5 in Invocations
  9440 | D:8      | Reached skill level 12 in Long Blades
  9703 | D:9      | Found a staircase to the Lair.
  9791 | D:9      | Reached skill level 5 in Armour
  9861 | D:9      | Found a shimmering blue altar of Sif Muna.
  9888 | D:9      | Noticed a two-headed ogre
  9893 | D:9      | Killed a two-headed ogre
  9893 | D:9      | Reached ***** piety under Okawaru
  9894 | D:9      | Reached XP level 10. HP: 88/88 MP: 13/13
 10511 | D:9      | Noticed a two-headed ogre
 10532 | D:9      | Killed a two-headed ogre
 10533 | D:9      | Reached skill level 13 in Long Blades
 10603 | D:9      | Received a gift from Okawaru
 10689 | D:9      | HP: 3/91 [acid dragon/splash of acid (20)]
 10689 | D:9      | Splashed by an acid dragon's acid

Illustrated notes

Levels and vault maps discovered:
D:1:      minmay_arrival_diagonal_passages, layout_rooms,
          hellmonk_ecumenical_altar_pennies_from_heaven
D:2:      layout_basic
D:3:      layout_basic, mainiacjoe_overflow_cross_hatched, okawaru_trees_1,
          serial_shops, nicolae_square_shop, gup_sewer_entry_spiral,
          saegor_snake_ambush
D:4:      layout_loops_ring, minmay_temple_entry_waves,
          minmay_misc_feat_enclosed, hex_medium
D:5:      layout_basic, pdpol_temple_overflow_zin_treasury_gozag_greed,
          tso_oasis_becter, serial_shops, shop, uniq_sigmund
D:6:      layout_loops_ring, xom_butterflies, serial_aquarium,
          aquarium_bridge_square [aquarium_subvault_bridge,
          aquarium_subvault_wall, aquarium_subvault_wall,
          aquarium_subvault_balcony], aquarium_bridge_island_small
          [aquarium_subvault_small_open, aquarium_subvault_wall,
          aquarium_subvault_wall, aquarium_subvault_wall,
          aquarium_subvault_bridge], aquarium_window_corridor_1,
          aquarium_window_corner, aquarium_view_2e, aquarium_view_2c,
          aquarium_pool_1, uniq_eustachio, uniq_maggie, uniq_blork_the_orc,
          uniq_crazy_yiuf_cottage
D:7:      layout_loops_ring, vehumet_crystals, tgw_trog, serial_shops, shop,
          chequers_garden
D:8:      layout_rooms
D:9:      layout_small_grid, mainiacjoe_overflow_boulevard, dpeg_oklobed_lair,
          chequers_serial_rivers_large_b, st_stairs_13, kennysheep_kite_vault
Temple:   zaba_magenta_temple

Skill      XL: |  1  2  3  4  5  6  7  8  9 10 |
---------------+-------------------------------+-----
Long Blades    | 4 5 7 8 9 10 11 12 13 | 13.2
Fighting       | 4 5 7 9 |  9.2
Invocations    | 2 4 5 7 |  7.0
Dodging        | 4 5 |  5.1
Armour         | 2 5 7 |  7.5
Throwing       | |  2.0

Action                   |  1- 3 |  4- 6 |  7- 9 | 10-12 || total
-------------------------+-------+-------+-------+-------++-------
Melee: Long sword        |    51 |    77 |       |       ||   128
       Headbutt          |     8 |    21 |    43 |    23 ||    95
       Dagger            |       |    65 |   125 |       ||   190
       Rapier            |       |       |   115 |    84 ||   199
  Use: Scroll            |     1 |     9 |     5 |       ||    15
       Potion            |       |       |     3 |       ||     3
 Stab: Distracted        |       |     1 |       |       ||     1
       Invisible         |       |       |     5 |       ||     5
Armor: Leather armour    |    10 |    21 |       |       ||    31
       Chain mail        |       |    28 |    75 |       ||   103
       Plate armour      |       |       |    23 |    40 ||    63
Dodge: Dodged            |    35 |    65 |    95 |    30 ||   225
       Rpst.: Long sword |    10 |     9 |       |       ||    19
